 Dungeon Sprint DCSS version 0.26-a0-663-g36e8fdb655 (webtiles) character file.

Game seed: 7851805436259060420

510 olmar the Geomancer (level 7, 0/37 HPs)
             Began as a Kobold Earth Elementalist on Oct 12, 2020.
             Was an Initiate of Gozag.
             Slain by a killer bee (1 damage)
             ... in the Dungeon (Sprint IV: "Fedhas' Mad Dash").
             The game lasted 00:04:33 (1302 turns).

olmar the Geomancer (Kobold Earth Elementalist)     Turns: 1302, Time: 00:04:34

Health: 0/37       AC:  2    Str:  5    XL:     7   Next: 42%
Magic:  0/15       EV: 17    Int: 19    God:    Gozag
Gold:   337        SH:  0    Dex: 15    Spells: 11/17 levels left

rFire    . . .     SeeInvis .   (weapon restricted)
rCold    . . .     Faith    .   (shield restricted)
rNeg     . . .     Spirit   .   c - +0 robe
rPois    .         Reflect  .   (no helmet)
rElec    .         Harm     .   (no cloak)
rCorr    .         Rampage  .   (no gloves)
MR       .....     NoTele   +   (no boots)
Stlth    ++........             h - amulet of invisibility {+Inv}
HPRegen  0.12/turn              (no ring)
MPRegen  0.14/turn              (no ring)

@: lethally poisoned (0 -> -4), contaminated, glowing
A: small, nightstalker 3
a: Potion Petition, Call Merchant, Bribe Branch, Renounce Religion, Evoke
Invisibility


You were in the Dungeon.
You worshipped Gozag.
Gozag was aware of your devotion.
You visited 1 branch You collected 337 gold pieces.

Inventory:

Armour
 c - a +0 robe (worn)
Jewellery
 h - the amulet of invisibility (around neck) {+Inv}
   (You found it in the Dungeon)

   [amulet of nothing]

   It lets you turn invisible.
Scrolls
 a - a scroll of remove curse {unknown}
 j - 2 scrolls of magic mapping {unknown}


   Skills:
 + Level 0.4 Fighting
 - Level 4.3 Dodging
 - Level 5.3 Stealth
 - Level 0.1 Unarmed Combat
 - Level 5.6 Spellcasting
   Level 1.0 Transmutations
 * Level 13.1 Earth Magic
 - Level 0.3 Evocations


You had 11 spell levels left.
You knew the following spells:

 Your Spells              Type           Power        Failure   Level
a - Sandblast             Erth           ######       1%          1
b - Lee's Rapid Deconstr  Erth           ######....   1%          5

Your spell library contained the following spells:

 Spells                   Type           Power        Failure   Level
 Passwall                 Tmut/Erth      ####....     1%          2
 Stone Arrow              Conj/Erth      ####..       2%          3
 Petrify                  Tmut/Erth      ####....     6%          4


Dungeon Overview and Level Annotations

Branches:
Dungeon (1/1)

Altars:
Cheibriados
Dithmenos
Elyvilon
Gozag
Hepliaklqana
Kikubaaqudgha
Makhleb
Nemelex Xobeh
Okawaru
Qazlal
Ru
Sif Muna
Trog
Uskayaw
Vehumet
Wu Jian
Xom
Yredelemnul
Zin
The Shining One
Beogh
Jiyva
Lugonu

Annotations:
D exclusion: oklob plant


Innate Abilities, Weirdness & Mutations

You are small and have problems with some larger weapons.
You are completely attuned to the shadows.


Message History

Confirm with . or Enter, or press ? or * to list all spells.
You don't know that spell.
Unknown command.
Casting: Sandblast (safe; 1% risk of failure)
Confirm with . or Enter, or press ? or * to list all spells.
The spell is quite dangerous to cast (1% risk of failure)!
Continue anyway?
Press: ? - help, Dir - move target cursor, p - killer bee A stone wall.
The wall shatters!
The blast of rock fragments hits the killer bee.
The killer bee is moderately wounded.
The blast of rock fragments hits the fungus!!!
The fungus begins to die.
The fungus is lightly damaged.
* * * LOW HITPOINT WARNING * * *
You feel sick. The killer bee stings you.
* * * LOW HITPOINT WARNING * * *
The killer bee stings you.
You die...
Your body crumbles into a pile of gold.

####################
#<..P#.....#..$..#.⌠
#PP@y'.....'.#...'..
#PPPP#....)#.#...#..
###############'##..
#...♣........'...#._
#......♣.....#...###
#.....♣..♣..######
##+####+#####
#(.#$$$$ #P$#


You could see a killer bee.

Vanquished Creatures
  A queen bee (D)
  3 killer bees (D)
  4 oklob saplings (D)
  A worker ant (D)
  A river rat (D)
  A rat (D)
11 creatures vanquished.

Notes
Turn   | Place    | Note
-------+----------+-------------------------------------------
     0 | D        | olmar the Kobold Earth Elementalist began the quest for the
                  | Orb.
     0 | D        | Reached XP level 1. HP: 10/10 MP: 3/3
    12 | D        | Reached skill level 4 in Earth Magic
    12 | D        | Reached XP level 2. HP: 3/15 MP: 1/5
   263 | D        | Noticed an oklob sapling
   265 | D        | Killed an oklob sapling
   265 | D        | Reached skill level 5 in Earth Magic
   265 | D        | Reached XP level 3. HP: 19/19 MP: 4/7
   296 | D        | Found the amulet of invisibility {+Inv}
   298 | D        | Reached skill level 6 in Earth Magic
   298 | D        | Reached XP level 4. HP: 22/24 MP: 4/9
   345 | D        | Reached skill level 5 in Stealth
   506 | D        | Found an opulent altar of Gozag.
   507 | D        | Found a burning altar of Makhleb.
   507 | D        | Found a roughly hewn altar of Beogh.
   507 | D        | Found a sacrificial altar of Ru.
   507 | D        | Found an ornate altar of the Wu Jian Council.
   507 | D        | Found a shimmering altar of Xom.
   508 | D        | Found a shimmering blue altar of Sif Muna.
   508 | D        | Found a hazy altar of Hepliaklqana.
   509 | D        | Found a sparkling altar of Nemelex Xobeh.
   509 | D        | Found a basalt altar of Yredelemnul.
   509 | D        | Found a snail-covered altar of Cheibriados.
   510 | D        | Found a bloodstained altar of Trog.
   510 | D        | Found a viscous altar of Jiyva.
   510 | D        | Noticed an oklob sapling priest
   511 | D        | Found an iron altar of Okawaru.
   511 | D        | Found a glowing silver altar of Zin.
   511 | D        | Found a shadowy altar of Dithmenos.
   520 | D        | Became a worshipper of Gozag Ym Sagoz the Greedy
   592 | D        | Killed an oklob sapling priest
   592 | D        | Reached skill level 5 in Spellcasting
   592 | D        | Reached skill level 7 in Earth Magic
   592 | D        | Reached XP level 5. HP: 28/28 MP: 0/13
   599 | D        | Learned a level 5 spell: Lee's Rapid Deconstruction
   599 | D        | Found a hide-covered altar of Uskayaw.
   599 | D        | Found an ancient bone altar of Kikubaaqudgha.
   600 | D        | Found a stormy altar of Qazlal.
   600 | D        | Found a glowing golden altar of the Shining One.
   600 | D        | Found a white marble altar of Elyvilon.
   601 | D        | Found a radiant altar of Vehumet.
   601 | D        | Found a corrupted altar of Lugonu.
   704 | D        | Reached skill level 8 in Earth Magic
  1020 | D        | Noticed a queen bee
  1094 | D        | Reached skill level 9 in Earth Magic
  1094 | D        | Reached XP level 6. HP: 26/32 MP: 3/14
  1097 | D        | Reached skill level 10 in Earth Magic
  1099 | D        | Reached skill level 11 in Earth Magic
  1106 | D        | Killed a queen bee
  1106 | D        | Reached skill level 13 in Earth Magic
  1106 | D        | Reached XP level 7. HP: 26/37 MP: 4/15
  1256 | D        | Noticed an oklob plant
  1302 | D        | HP: 1/37 [killer bee (4)]
  1302 | D        | Slain by a killer bee

Illustrated notes

Levels and vault maps discovered:
D:        dungeon_sprint_fedhas [sprint_temple]

Skill      XL: |  1  2  3  4  5  6 |
---------------+-------------------+-----
Dodging        | 3 4 |  4.3
Stealth        | 3 4 5 |  5.3
Earth Magic    | 4 5 6 7 9 13 | 13.1
Spellcasting   | 3 5 |  5.6
Fighting       | |  0.4
Unarmed Combat | |  0.1
Transmutations | |  1.0
Evocations     | |  0.3

Action                   |  1- 3 |  4- 6 |  7- 9 || total
-------------------------+-------+-------+-------++-------
Melee: Unarmed           |     6 |     2 |     7 ||    15
 Cast: Sandblast         |     5 |    25 |       ||    30
       Lee's Rapid Decon |       |     6 |     5 ||    11
 Abil: Evoke Invisibilit |       |     5 |     2 ||     7
  Use: Potion            |     1 |     4 |     2 ||     7
       Scroll            |       |     1 |       ||     1
 Stab: Sleeping          |     1 |       |       ||     1
       Invisible         |       |       |     1 ||     1
Dodge: Dodged            |     2 |    12 |    28 ||    42

Table legend: (Time is in decaauts)
 A = Elapsed time spent in this place.
 B = Non-inter-level travel time spent in this place.
 C = Inter-level travel time spent in this place.
 D = Time resting spent in this place.
 E = Time spent auto-exploring this place.
 F = Levels seen in this place.
 G = Mean time per level.
                   A        B        C        D        E       F      G
               +--------+--------+--------+--------+--------+-----+--------+
         Total |   1291 |   1270 |     21 |   1028 |      0 |   1 | 1291.0 |
       Dungeon |   1291 |   1270 |     21 |   1028 |      0 |   1 | 1291.0 |
               +--------+--------+--------+--------+--------+-----+--------+

Top non-repeatable levels by time:
       D: 1291 daAuts
